 Dungeon Crawl Stone Soup version 0.29.1-12-g30fa7ad0bf (webtiles) character file.

Game seed: 6998229739760968704

1067 ThatPearl the Trooper (level 8, 0/67 HPs)
             Began as a Demonspawn Berserker on Jan 12, 2023.
             Was a Priest of Trog.
             Engulfed by a cloud of poison gas (2 damage)
             ... on level 6 of the Dungeon.
             The game lasted 00:12:24 (6184 turns).

ThatPearl the Trooper (Demonspawn Berserker)        Turns: 6184, Time: 00:12:24

Health: 0/67       AC:  6    Str: 26    XL:     8   Next: 7%
Magic:  8/8        EV: 11    Int:  9    God:    Trog [***...]
Gold:   200        SH:  4    Dex: 12    Spells: 7/7 levels left

rFire   . . .      SeeInvis .   a - +0 hand axe
rCold   . . .      Faith    .   q - +0 buckler
rNeg    . . .      Spirit   .   l - +0 ring mail
rPois   .          Reflect  .   (helmet restricted)
rElec   .          Harm     .   (no cloak)
rCorr   .          Rampage  .   (no gloves)
Will    .....                   g - +0 pair of boots
Stlth   +.........              (no amulet)
HPRegen 0.21/turn               x - +6 ring of strength
MPRegen 0.22/turn               (no ring)

@: lethally poisoned (0 -> -68)
A: antennae 2, spiny 1, magic regeneration
a: Renounce Religion, Berserk, Trog's Hand


You were on level 6 of the Dungeon.
You worshipped Trog.
Trog was most pleased with you.
You visited 1 branch of the dungeon, and saw 7 of its levels.

You collected 305 gold pieces.
You spent 105 gold pieces at shops.

Inventory:

Hand Weapons
 a - a +0 hand axe (weapon)
 y - a +4 flail
Missiles
 d - 21 poisoned darts (quivered)
 k - 45 stones
Armour
 g - a +0 pair of boots (worn)
 l - a +0 ring mail (worn)
 q - a +0 buckler (worn)
 r - an orb of mayhem
Jewellery
 x - a +6 ring of strength (left hand)
Wands
 u - a wand of charming (11)
 z - a wand of mindburst (28)
Scrolls
 e - 7 scrolls of identify {unknown}
 f - 2 scrolls of noise {unknown}
 h - 2 scrolls of poison
 j - a scroll of immolation {unknown}
 m - 4 scrolls of teleportation {unknown}
 n - 2 scrolls of silence {unknown}
 o - a scroll of magic mapping {unknown}
 p - a scroll of brand weapon {unknown}
 w - a scroll of enchant armour {unknown}
 A - 2 scrolls of enchant weapon {unknown}
Potions
 b - 2 potions of attraction {unknown}
 c - a potion of flight {unknown}
 i - a potion of heal wounds {unknown}
 s - a potion of mutation {unknown}
 t - 3 potions of curing {unknown}
 v - 3 potions of brilliance {unknown}


   Skills:
 + Level 7.1 Fighting
 + Level 6.5 Axes
 - Level 1.7 Armour
 - Level 1.7 Dodging
 + Level 1.8 Shields


You had 7 spell levels left.
You didn't know any spells.
Your spell library was empty.

Dungeon Overview and Level Annotations

Branches:
Dungeon (7/15)             Temple (0/1) D:4

Altars:
Ashenzari
Makhleb
Wu Jian

Shops:
D:4 *


Innate Abilities, Weirdness & Mutations

You have a pair of antennae on your head.
You are partially covered in sharp spines.
You regenerate magic rapidly.


Message History

The iguana is struck by your spines. The iguana barely misses you.
You hit the iguana.
The iguana is almost dead.
You block the iguana's attack.
You hit the iguana.
You kill the iguana!
Trog accepts your kill.
There is a stone staircase leading up here.
You climb upwards.
Found a scale mail and a ring mail.
There is a stone staircase leading down here.
There is a dry fountain here.
Found a stone staircase leading down.
You enter the shallow water.
Moving in this stuff is going to be slow.
A centaur comes into view.
t - 3 yellow potions (gained 1)
The centaur shouts!
The centaur wields a +0 shortbow.
The centaur shoots an arrow.
The arrow hits you.
The centaur shoots an arrow.
The arrow hits you!
The air fills with toxic fumes!
As you read the scroll labelled AMEMAQOJO, it crumbles to dust.
It was a scroll of poison.
The centaur shoots an arrow.
The arrow hits you but does no damage.
Really walk into that cloud of poison gas?
You are engulfed in poison gas.
You are poisoned.
You feel very sick.
You are engulfed in poison gas.
You are more poisoned.
You feel very sick.
You are engulfed in poison gas.
You are lethally poisoned!
* * * LOW HITPOINT WARNING * * *
You feel extremely sick.
You are engulfed in poison gas.
You are more poisoned.
* * * LOW HITPOINT WARNING * * *
x2 You feel extremely sick.
You are engulfed in poison gas.
You are more poisoned.
You die...

#≈≈≈≈≈≈≈# #≈≈≈≈≈≈≈#
################
#≈≈≈≈≈≈≈#####§§§§§§§§§§§≈≈≈≈
#≈≈≈≈≈≈≈≈≈~~≈§§☼§§§§§§§§≈≈≈≈
#≈~≈≈~~~~≈~~~§§☼§§§§§§§§~~~~
#~~.~~~.~~~.~§§§§§§§☼§§§~~~~
#............§§§☼§§☼§§§☼....
#............§§@§§§§.§§§....
#####..######§§########§...c
##.........#### ...
#########....## . ####..#
##.# #.## #..# ##..##.##.
##.


There were no monsters in sight!

Vanquished Creatures
  A black bear (D:4)
  2 ogres (D:5)
  A centaur (D:5)
  A phantom (D:4)
  A kobold brigand (D:5)
  3 necrophages (D:5)
  3 hounds
  An iguana (D:7)
  An orc wizard (D:3)
  5 gnolls
  13 adders
  An ufetubus (D:5)
  2 worms
  12 orcs
  8 ball pythons
  6 endoplasms
  3 giant cockroaches
  9 goblins
  9 hobgoblins
  3 jackals (D:3)
  9 kobolds
  4 quokkas
  2 bats
  3 frilled lizards
  8 rats
111 creatures vanquished.

Notes
Turn   | Place    | Note
-------+----------+-------------------------------------------
     0 | D:1      | ThatPearl the Demonspawn Berserker began the quest for the
                  | Orb.
     0 | D:1      | Reached XP level 1. HP: 18/18 MP: 1/1
   200 | D:1      | Gained mutation: You have a pair of small antennae on your
                  | head. [demonic ancestry]
   200 | D:1      | Reached XP level 2. HP: 18/24 MP: 2/2
  1080 | D:2      | Gained mutation: You are partially covered in sharp spines.
                  | [demonic ancestry]
  1080 | D:2      | Reached XP level 3. HP: 10/30 MP: 3/3
  1098 | D:2      | Reached ** piety under Trog
  1695 | D:2      | Found a faded altar of an unknown god.
  1855 | D:3      | Reached skill level 4 in Fighting
  1924 | D:3      | Found a broken altar of Ashenzari.
  2134 | D:3      | Found an ornate altar of the Wu Jian Council.
  2139 | D:3      | Gained mutation: You have a pair of antennae on your head.
                  | [demonic ancestry]
  2139 | D:3      | Reached XP level 4. HP: 36/37 MP: 4/4
  2601 | D:3      | Reached XP level 5. HP: 43/43 MP: 5/5
  2738 | D:3      | Reached *** piety under Trog
  3320 | D:3      | Reached skill level 5 in Fighting
  3449 | D:4      | Noticed a black bear
  3475 | D:4      | Killed a black bear
  3476 | D:4      | Reached XP level 6. HP: 51/51 MP: 6/6
  3580 | D:4      | Reached skill level 5 in Axes
  3835 | D:4      | Found Bajio's Assorted Antiques.
  3953 | D:4      | Found a staircase to the Ecumenical Temple.
  4305 | D:4      | Bought a ruby ring for 105 gold pieces
  4318 | D:5      | Entered Level 5 of the Dungeon
  4902 | D:5      | Reached skill level 6 in Fighting
  4904 | D:5      | Reached XP level 7. HP: 50/58 MP: 7/7
  5289 | D:5      | Found a burning altar of Makhleb.
  5913 | D:5      | Reached skill level 1 in Shields
  5976 | D:5      | Reached skill level 7 in Fighting
  5976 | D:5      | Gained mutation: You regenerate magic rapidly. [demonic
                  | ancestry]
  5976 | D:5      | Reached XP level 8. HP: 59/66 MP: 8/8
  6055 | D:5      | You fall into a shaft and drop 2 floors!
  6183 | D:6      | HP: 2/67 [poisoned by you (poison gas)]
  6184 | D:6      | Engulfed by a cloud of poison gas

Illustrated notes

Levels and vault maps discovered:
D:1:      scummos_arrival_simple_crosswalls, layout_loops_ring,
          minmay_misc_feat_square, bh_walls_and_bars
D:2:      layout_rooms, shapermc_ecumenical_altar_flowoftime,
          minmay_misc_feat_pillars, st_stairs_6
D:3:      minmay_razor_zed, layout_loops_ring, nicolae_wu_jian_wuxing_cycle,
          mainiacjoe_overflow_boulevard
D:4:      wander_river, layout_basic, minmay_temple_entry_hall, serial_shops,
          nicolae_shop_behind_doors
D:5:      layout_basic, mainiacjoe_overflow_alcove_4, minmay_joined_circles
D:6:      minmay_goblin_kobold_castle, layout_gridville,
          nicolae_kikubaaqudgha_miasma_corner, serial_shops,
          nicolae_shop_behind_doors, shop, chequers_serial_rivers_large_b,
          chequers_decorated_corner, nicolae_wand_duel
D:7:      layout_cave_pools, nicolae_qazlal_scattered_showers,
          gammafunk_ghost_gnarly_gnolls, uniq_duvessa, uniq_pikel

Skill      XL: |  1  2  3  4  5  6  7 |
---------------+----------------------+-----
Axes           | 3 4 5 6 |  6.5
Fighting       | 4 5 6 7 |  7.1
Shields        | 1 |  1.8
Armour         | |  1.7
Dodging        | |  1.7

Action                   |  1- 3 |  4- 6 |  7- 9 || total
-------------------------+-------+-------+-------++-------
Melee: Hand axe          |   104 |   140 |    71 ||   315
       Punch             |     1 |       |       ||     1
Throw: Dart              |     1 |       |     1 ||     2
Invok: Berserk           |       |     2 |     2 ||     4
  Use: Scroll            |       |       |     1 ||     1
 Stab: Sleeping          |     1 |       |       ||     1
Armor: Animal skin       |     5 |       |       ||     5
       Leather armour    |    14 |       |       ||    14
       Ring mail         |     6 |    47 |    18 ||    71
Dodge: Dodged            |    59 |    73 |    20 ||   152
Block: Buckler           |       |    15 |     9 ||    24
